← All builds
Air / Cortex / Economy first / OBSERVED BUILD

Standard air

Cortex Air build order · Supreme Isthmus

The usual Cortex air game: Aircraft Plant just after the start, Advanced Metal Extractor around 7 minutes and Fusion Reactor around 11 minutes, making transports and fighters for the team while scaling economy normally.

Usually transports first (72%)

#eco #team support #air · 555 distinct matches · 116 players · 79% of Cortex Air games · team won 47% of 624 · Recently observed

HOW TO PLAY IT

Key timing: Aircraft Plant by 1:23

  1. Take 3 mex and open straight into Aircraft Plant.
  2. Finish Aircraft Plant, start pumping Valiant for escort duty.
  3. Get T2 constructor going to scale eco alongside air production.
  4. Add Advanced Metal Extractor to keep pace with team's economy.
  5. Bring Fusion Reactor online, keep making Hercules and Finch for allies.

Phase by phase

TYPICAL OF ITS 555 GAMES
  1. 1
  2. 2
  3. 3
PLAY THE OPENING

Follow the example game's first 6:00 step by step: what to build now, what comes next, and where it goes. At 1× it keeps pace with your own game.

  1. 1

    Up to the Aircraft Plant

    Economy
    • Metal Extractor3Mex
    • Wind Turbine4Wind
    Order
    1. Aircraft PlantAircraft Plant after 3 mex, 4 winddone ~1:22, middle half 1:13–1:35

    Some games also: energy storage (38%)

    By 1:03 in all: 3 mex · 4 wind

    The example game in this phase · 3 steps
    1. Mex ×3
    2. Wind ×2
    3. Aircraft PlantAircraft Plantdone 1:00 · typical 1:22
  2. 2

    Aircraft Plant to 5:00

    Economy
    • Metal Extractor1Mex
    • Wind Turbine9Wind
    • Wind Turbine3Wind
    Builders
    • Construction Turret2 Con turret
    • Construction Aircraft1 Con aircraft
    Army
    • Valiant5 Valiant
    • Finch2 Finch for allies
    • Hercules2 Light transport for allies
    • Hephaestus1 Heavy transport for allies
    • Shuriken1 Shuriken

    Some games also: energy storage (45%) · light transport (44%) · converter (39%) · con turret (33%)

    By 5:00 in all: 3 mex · 1 mex · 13 wind · 3 wind · 1 energy storage · 2 con turret

    The example game in this phase · 30 steps
    1. Wind
    2. HerculesLight transportfor Geo sea
    3. Wind ×3
    4. FinchFinchfor Geo sea
    5. HephaestusHeavy transportfor Beach sea
    6. FinchFinchfor Beach sea
    7. HerculesLight transportfor Pond
    8. FinchFinchfor Pond
    9. HerculesLight transport ×3for Pond
    10. HerculesLight transport
    11. Construction AircraftCon aircraft
    12. Converter
    13. Con turret
    14. Converter
    15. Con turret
    16. Mex
    17. HephaestusHeavy transportfor Tech
    18. Wind ×4
    19. Wind ×2
    20. Wind
    21. Converter
    22. Wind
    23. Wind
    24. Wind ×2
    25. Wind ×2
    26. Energy storage
    27. Wind
    28. Converter
    29. Wind
    30. Converter
  3. 3

    5:00 to 10:00

    Economy
    • Wind Turbine20Wind
    • Wind Turbine5Wind
    • Energy Converter6Converter
    Order
    1. Aircraft PlantAircraft Plant after 18 wind, 17 wind, 6 converterin 58% of games
    Builders
    • Construction Turret4 Con turret
    Army
    • Valiant9 Valiant
    • Shuriken1 Shuriken

    Some games also: con aircraft (36%) · fusion (33%) · light transport (31%)

    By 10:00 in all: 3 mex · 1 mex · 24 wind · 20 wind · 8 converter · 1 energy storage

    The example game in this phase · 170 steps
    1. Wind
    2. Energy storage
    3. Converter
    4. Wind
    5. Converter
    6. Wind
    7. Wind
    8. Wind
    9. Wind
    10. Wind
    11. Wind
    12. Wind
    13. Converter
    14. Wind
    15. Wind
    16. Wind ×2
    17. Con turret
    18. Wind ×2
    19. Converter ×3
    20. Wind
    21. Converter
    22. Wind
    23. Converter
    24. Wind
    25. Wind
    26. Converter
    27. Wind
    28. Wind
    29. Converter
    30. Wind
    31. Converter
    32. Wind
    33. Converter
    34. Wind
    35. Wind ×4
    36. Advanced Metal ExtractorT2 mexdone 7:32 · typical 6:50
    37. Wind
    38. Converter
    39. Advanced Metal ExtractorT2 mex
    40. Converter
    41. Wind
    42. Converter
    43. Advanced Metal ExtractorT2 mex
    44. Wind
    45. Converter ×2
    46. Wind
    47. Advanced Metal ExtractorT2 mex
    48. Wind ×2
    49. Con turret
    50. Wind ×7
    51. Con turret
    52. Wind ×3
    53. Con turret ×2
    54. Wind
    55. Con turret
    56. Wind ×2
    57. Con turret
    58. Wind
    59. Fusion ReactorFusiondone 10:33 · typical 10:56
    60. Wind ×2
    61. Converter
    62. Wind
    63. Converter
    64. Wind ×2
    65. Converter
    66. Wind ×2
    67. Converter
    68. Wind ×2
    69. Converter
    70. Wind
    71. Converter
    72. Wind ×2
    73. Converter
    74. Fusion ReactorFusion
    75. Converter ×2
    76. Wind ×2
    77. Converter
    78. Wind ×3
    79. Converter
    80. Wind
    81. Converter
    82. Wind ×2
    83. Converter
    84. Wind
    85. Fusion ReactorFusion
    86. Wind
    87. Converter
    88. Con turret ×3
    89. Wind
    90. Con turret
    91. Aircraft PlantAircraft Plantdone 12:14
    92. Wind
    93. Con turret
    94. Wind
    95. Con turret
    96. Wind ×3
    97. Converter
    98. ValiantValiant
    99. Wind
    100. ValiantValiant
    101. Wind
    102. ValiantValiant
    103. Wind
    104. ValiantValiant
    105. Aircraft PlantAircraft Plantdone 12:30
    106. Converter
    107. ValiantValiant
    108. Wind ×3
    109. ValiantValiant ×3
    110. Converter
    111. ValiantValiant
    112. Wind
    113. ValiantValiant ×2
    114. Wind
    115. ValiantValiant ×3
    116. Converter
    117. ValiantValiant ×7
    118. Converter
    119. ValiantValiant ×5
    120. Wind
    121. ValiantValiant ×2
    122. Wind
    123. ValiantValiant ×2
    124. Wind
    125. ValiantValiant
    126. Wind
    127. ValiantValiant ×2
    128. Wind
    129. ValiantValiant ×2
    130. Wind
    131. ValiantValiant ×2
    132. Wind
    133. ValiantValiant ×2
    134. Wind
    135. ValiantValiant
    136. Wind
    137. ValiantValiant ×3
    138. Wind
    139. ValiantValiant ×10
    140. Con turret ×2
    141. ValiantValiant ×5
    142. Wind
    143. ValiantValiant ×4
    144. Wind
    145. ValiantValiant ×2
    146. Wind
    147. ValiantValiant ×3
    148. Wind
    149. ValiantValiant ×2
    150. Wind
    151. ValiantValiant ×3
    152. Wind
    153. ValiantValiant ×3
    154. Wind
    155. ValiantValiant ×2
    156. Wind
    157. ValiantValiant ×3
    158. Wind
    159. ValiantValiant ×3
    160. Wind
    161. ValiantValiant ×3
    162. Wind
    163. ValiantValiant ×2
    164. Wind
    165. ValiantValiant ×3
    166. Wind
    167. ValiantValiant ×2
    168. Wind
    169. ValiantValiant ×11
    170. Wind ×2

Counts are medians over the build's games: half of them build more, half fewer. The example game is RamboO's (35 OS, 28/08/2026); pick another.

Team trades

IN AT LEAST 30% OF ITS GAMES

You hand over

  • Finch2 Finch to Geo sea or Beach seafirst at 1:51 · in 96% of games
  • Hercules3 Light transport to Tech or Geo sea or Geofirst at 2:06 · in 99% of games
  • Hephaestus1 Heavy transport to Beach sea or Pond or Techfirst at 2:26 · in 74% of games

You get

  • Wind Turbine3 Wind from Beach sea or Geo seafirst at 1:40 · in 64% of games
  • Wind Turbine3 Wind from Beach sea or Geo sea or Pondfirst at 1:44 · in 48% of games
  • Construction Bot1 Con bot from Techfirst at 2:20 · in 85% of games
  • Advanced Construction Bot1 T2 con bot from Techfirst at 6:03 · in 94% of games

How it plays out

Typical game of this build, running totals by minute

Metal produced

010k20k30k
0:005:0010:0015:00

metal

Enemy metal destroyed

01k2k3k
0:005:0010:0015:00

metal

Own metal lost

01k2k3k
0:005:0010:0015:00

metal

624 games.

Show as table
ByMetal produced: This buildEnemy metal destroyed: This buildOwn metal lost: This build
1:0039300
2:0092500
3:00145900
4:002053051
5:00276573109
6:003759125167
7:005136190219
8:007017225290
9:009298258342
10:0011788328471
11:0014383440641
12:0017097606958
13:00199439331269
14:002265314171801
15:002554320602701
WHAT THE NUMBERS SAY

This is the role's standard support job, winning less than half its games while producing little combat impact but reliably feeding transports and scouts to teammates.

  • + Reaches Aircraft Plant almost immediately (1:23), fast T2 constructor by 5:58.
  • + Keeps own losses low (2789 by 15:00) versus other roles.
  • − Destroys only 2027 enemy metal by 15:00, minimal combat contribution.
  • − Fusion Reactor only completes in 57% of games, some games stall on eco.
THE EXAMPLE YOU ARE READING

RamboO

35.0 OS · 28/08/2026

Open source match ↗

9 received units · includes a constructor
204 metal received · 59122 energy received

Allied construction assistance is unknown. Timings are observations, not a promise of solo reproducibility.

Typical milestones

Aircraft Plant1:22Middle 50%: 1:13–1:35 · n=624
Advanced Metal Extractor6:50Middle 50%: 6:21–7:26 · n=599
Fusion Reactor10:56Middle 50%: 10:03–12:16 · n=383

Played most by

DRM37games of this buildAdeus33games of this buildCentientWaffle32games of this buildNutzz28games of this buildImmort26games of this build